 Dungeon Crawl Stone Soup version 0.18-a0-1805-g8ab820f (webtiles) character file.

4 M4edhros the Grave Robber (level 1, -5/11 HPs)
             Began as an Octopode Necromancer on Apr 26, 2016.
             Was a Follower of Nemelex Xobeh.
             Slain by a worm (10 damage)
             ... on level 2 of the Dungeon.
             The game lasted 00:00:38 (120 turns).

M4edhros the Grave Robber (Octopode Necromancer)     Turns: 120, Time: 00:00:39

Health: -5/11      AC:  1    Str:  7    XL:     1   Next: 70%
Magic:  3/3        EV: 12    Int: 17    God:    Nemelex Xobeh [*.....]
Gold:   0          SH:  0    Dex: 12    Spells: 1 memorised, 3 levels left

rFire  . . .     SeeInvis .       - Unarmed
rCold  . . .     Gourm    .     (no shield)
rNeg   . . .     Faith    .     (helmet restricted)
rPois  .         Spirit   .     (no amulet)
rElec  .         Dismiss  .     (no ring)
rCorr  .         Reflect  .     (no ring)
SustAt .         Harm     .     (no ring)
MR     .....                    (no ring)
Stlth  +++.......               (no ring)
                                (no ring)
                                (no ring)
                                (no ring)

@: not resistant to hostile enchantments, fairly stealthy
A: almost no armour, amphibious, 8 rings, constrict 8, camouflage 1, gelatinous
body 1
a: Renounce Religion


You were on level 2 of the Dungeon.
You worshipped Nemelex Xobeh.
Nemelex Xobeh was aware of your devotion.
You were not hungry.

You visited 1 branch of the dungeon, and saw 2 of its levels.

Inventory:

Potions
 d - 2 potions of flight {unknown}
Books
 a - a book of Necromancy

   Spells                             Type                      Level
   a - Pain                           Necromancy                   1
   b - Animate Skeleton               Necromancy                   1
   c - Vampiric Draining              Necromancy                   3
   d - Regeneration                   Charms/Necromancy            3
   e - Animate Dead                   Necromancy                   4
   f - Control Undead                 Necromancy                   4
Miscellaneous
 c - a plain deck of war {drawn: 2}
Comestibles
 b - 2 bread rations
 f - 2 fruits


   Skills:
 - Level 2.0 Dodging
 - Level 2.6 Stealth
 + Level 1.2 Unarmed Combat
 - Level 2.0 Spellcasting
 - Level 4.0 Necromancy


You had 3 spell levels left.
You knew the following spells:

 Your Spells              Type           Power        Failure   Level  Hunger
a - Pain                  Necr           ###.         3%          1    #......


Dungeon Overview and Level Annotations

Branches:
Dungeon (2/15)

Altars:
Nemelex Xobeh


Innate Abilities, Weirdness & Mutations

You cannot wear most types of armour.
You are amphibious.
You can wear up to eight rings at the same time.
You can use your tentacles to constrict eight enemies at once.
Your skin changes colour to match your surroundings (Stealth).
Your rubbery body absorbs attacks (AC +1).


Message History

Unknown command.
You closely miss the hobgoblin. You grab the hobgoblin.
You constrict the hobgoblin, but do no damage.
The hobgoblin barely misses you.
Your hellwing hits the hobgoblin.
The hobgoblin dies!
You feel less stealthy.
Things that are here:
a club; a hobgoblin corpse You swap places.
Found a stone staircase leading down.
Found 6 tomahawks.
Found a stone staircase leading down.
A worm comes into view.
There is a stone staircase leading down here.
The helpless worm fails to defend itself.
You tentacle-slap the worm. You grab the worm.
The worm is lightly wounded.
You constrict the worm. The worm bites you!
Ouch! That really hurt!
You die...
Your body disappears without a glow.

#. #. # #. .#
#.###. #....
... ### ###
#w# # ..# #..
#@#.# #.#.#
##h#.# #<#
##.4..#
#.######
##.....##
#.......
##.>.....#
###.....
#...........
#...8.
##.......###
#..8.8
#.........
#.8._.
#.#(>.#......
#..8.8


You could see a worm, a friendly hellwing and a friendly hell hound.

Vanquished Creatures
  A dart slug (D:1)
  A giant newt (D:2)
  A rat (D:1)
3 creatures vanquished.

Vanquished Creatures (collateral kills)
  A hobgoblin (D:2)
1 creature vanquished.

Grand Total: 4 creatures vanquished

Notes
Turn   | Place    | Note
--------------------------------------------------------------
     0 | D:1      | M4edhros the Octopode Necromancer began the quest for the Orb.
     0 | D:1      | Reached XP level 1. HP: 11/11 MP: 3/3
    28 | D:1      | Reached skill level 1 in Unarmed Combat
    41 | D:2      | Found a faded altar to an unknown god.
    52 | D:2      | Became a worshipper of Nemelex Xobeh the Trickster
    52 | D:2      | Received a gift from Nemelex Xobeh
    52 | D:2      | Reached * piety under Nemelex Xobeh
   120 | D:2      | Slain by a worm

Vault maps used:
D:1:      matt_arrival_spirals
D:2:      ecumenical_altar_2

Skill      XL: |  1 |
---------------+----+-----
Unarmed Combat | 1 |  1.2
Dodging        | |  2.0
Stealth        | |  2.6
Spellcasting   | |  2.0
Necromancy     | |  4.0

Action                   || total
-------------------------++-------
Melee: Unarmed           ||     9
       Constrict         ||     4
       Tentacles         ||     1
 Cast: Pain              ||     2
Evoke: Deck              ||     2
 Stab: Sleeping          ||     2
Dodge: Dodged            ||     5
